 Dungeon Crawl Stone Soup version 0.20.1-1-g8b1a95d (webtiles) character file.

41 Lanoc the Vexing (level 3, -2/18 HPs)
             Began as a Spriggan Arcane Marksman on Dec 1, 2017.
             Killed from afar by Sigmund (9 damage)
             ... with a puff of flame
             ... on level 2 of the Dungeon.
             The game lasted 00:04:54 (988 turns).

Lanoc the Vexing (Spriggan Arcane Marksman)          Turns: 988, Time: 00:04:54

Health: -2/18      AC:  3    Str:  6    XL:     3   Next: 32%
Magic:  7/7        EV: 20    Int: 14    God:
Gold:   16         SH:  0    Dex: 21    Spells: 5/6 levels left

rFire    . . .     SeeInvis +   a - +0 hunting sling
rCold    . . .     Gourm    .   (shield restricted)
rNeg     . . .     Faith    .   e - +1 robe
rPois    .         Spirit   .   (helmet restricted)
rElec    .         Reflect  .   (no cloak)
rCorr    .         Harm     .   (gloves unavailable)
MR       .....                  (boots unavailable)
Stlth    ++........             (no amulet)
Regen    0.1/turn               j - +4 ring of dexterity
MPRegen  0.1/turn               (no ring)

@: hasted, very quick
A: unfitting armour, see invisible, herbivore 3, speed 3, slow metabolism 2
a: no special abilities


You were on level 2 of the Dungeon.
You were not hungry.

You visited 1 branch of the dungeon, and saw 2 of its levels.

You collected 16 gold pieces.

Inventory:

Hand Weapons
 a - a +0 hunting sling (weapon)
Missiles
 i - 24 stones (quivered)
Armour
 e - a +1 robe (worn)
Jewellery
 j - a +4 ring of dexterity (left hand)
Scrolls
 b - 2 scrolls of remove curse
 l - a scroll of magic mapping
Books
 c - a book of Debilitation

   Spells                             Type                      Level
   a - Corona                         Hexes                        1
   b - Slow                           Hexes                        2
   c - Inner Flame                    Hexes/Fire                   3
   d - Portal Projectile              Hexes/Translocation          3
   e - Cause Fear                     Hexes                        4
   f - Leda's Liquefaction            Hexes/Earth                  4
Comestibles
 f - a bread ration
 m - a royal jelly


   Skills:
 + Level 1.1 Fighting
 * Level 3.1 Slings
 + Level 3.7 Dodging
 + Level 2.1 Spellcasting
 + Level 4.0 Hexes


You had 5 spell levels left.
You knew the following spells:

 Your Spells              Type           Power        Failure   Level  Hunger
a - Corona                Hex            ##.....      4%          1    ##.....


Dungeon Overview and Level Annotations

Branches:
Dungeon (2/15)

Altars:

Annotations:
D:2 Sigmund


Innate Abilities, Weirdness & Mutations

You are very small and have problems with some larger weapons.
You are too small for most types of armour.
You have supernaturally acute eyesight. (SInv)
You are a herbivore.
You cover ground extremely quickly.
You need consume almost no food.


Message History

Press: ? - help, Shift-Dir - straight line, f - Sigmund
Aim: Sigmund, wielding a scythe and wearing a robe (moderately wounded)
You shoot a stone.
The stone hits Sigmund but does no damage.
Sigmund is moderately wounded.
Firing (i - inventory):
i - 26 stones (quivered)
Press: ? - help, Shift-Dir - straight line, f/p - Sigmund
Aim: Sigmund, wielding a scythe and wearing a robe (moderately wounded)
You shoot a stone. The stone hits Sigmund.
Sigmund is moderately wounded.
Firing (i - inventory):
i - 25 stones (quivered)
Press: ? - help, Shift-Dir - straight line, f/p - Sigmund
Aim: Sigmund, wielding a scythe and wearing a robe (moderately wounded)
You shoot a stone.
The stone hits Sigmund but does no damage.
Sigmund is moderately wounded.
Sigmund casts a spell at you. The puff of flame hits you!
Ouch! That really hurt!
You die...

#).... #. ######
#.################# #
#.....)...##......####
#)....^...##......#...
#.........##......#...
#.........##......#...
.##.........##......####
.......@....''@((.@.†...
..#.........##......####
#.........##......#
#.##########......# #.
#......# ########


You could see Sigmund.

Vanquished Creatures
  An adder (D:2)
  A dart slug (D:1)
  A leopard gecko (D:1)
  2 giant cockroaches (D:1)
  4 goblins (D:1)
  6 hobgoblins
  4 jackals (D:1)
  A bat (D:1)
  2 frilled lizards (D:1)
  2 kobolds (D:1)
  2 rats (D:1)
26 creatures vanquished.

Notes
Turn   | Place    | Note
-------+----------+-------------------------------------------
     0 | D:1      | Lanoc the Spriggan Arcane Marksman began the quest for the Orb.
     0 | D:1      | Reached XP level 1. HP: 9/9 MP: 3/3
   116 | D:1      | Reached skill level 1 in Fighting
   127 | D:1      | Reached XP level 2. HP: 7/14 MP: 5/5
   566 | D:1      | Reached skill level 4 in Hexes
   611 | D:1      | Reached XP level 3. HP: 18/18 MP: 6/6
   912 | D:2      | Noticed Sigmund
   988 | D:2      | Killed from afar by Sigmund

Skill      XL: |  1  2  3 |
---------------+----------+-----
Fighting       | 1 |  1.1
Hexes          | 4 |  4.0
Slings         | 3 |  3.1
Spellcasting   | 2 |  2.1
Dodging        | |  3.7

Action                   || total
-------------------------++-------
 Fire: Hunting sling     ||    94
  Use: Scroll            ||     3
       Potion            ||     2
Armor: Robe              ||     2
Dodge: Dodged            ||    22
